 Dungeon Crawl Stone Soup version 0.20.1-1-g8b1a95d (webtiles) character file.

168 vineage the Shield-Bearer (level 5, -10/33 HPs)
             Began as a Gargoyle Fighter on Oct 1, 2017.
             Killed by divine providence
             ... invoked by an orc priest
              (11 damage)
             ... on level 3 of the Dungeon.
             The game lasted 00:02:31 (1945 turns).

vineage the Shield-Bearer (Gargoyle Fighter)        Turns: 1945, Time: 00:02:32

Health: -10/33     AC: 11    Str: 25    XL:     5   Next: 49%
Magic:  5/5        EV:  8    Int:  8    God:
Gold:   145        SH: 10    Dex: 10    Spells: 4/4 levels left

rFire    . . .     SeeInvis .   a - +0 flail
rCold    . . .     Gourm    .   c - +0 shield
rNeg     + . .     Faith    .   b - +0 scale mail
rPois    ∞         Spirit   .   (no helmet)
rElec    +         Reflect  .   (no cloak)
rCorr    .         Harm     .   (no gloves)
MR       .....                  (no boots)
Stlth    ..........             (no amulet)
Regen    0.2/turn               (no ring)
MPRegen  0.1/turn               (no ring)

@: mighty, flying
A: negative energy resistance 1, electricity resistance, unbreathing,
petrification resistance, rot immunity, AC +4
a: no special abilities


You were on level 3 of the Dungeon.
You were not hungry.

You visited 1 branch of the dungeon, and saw 3 of its levels.

You collected 145 gold pieces.

Inventory:

Hand Weapons
 a - a +0 flail (weapon)
Armour
 b - a +0 scale mail (worn)
 c - a +0 shield (worn)
Jewellery
 e - a +4 ring of strength {unknown}
Scrolls
 h - 5 scrolls of identify {unknown}
 j - a scroll of enchant armour {unknown}
 k - 2 scrolls of amnesia {unknown}
 l - 2 scrolls of fog {unknown}
 o - a scroll of random uselessness {unknown}
 q - a scroll of teleportation {unknown}
 r - 4 scrolls of remove curse {unknown}
 t - a scroll of enchant weapon {unknown}
Potions
 g - 2 potions of flight
 m - a potion of lignification {unknown}
 n - a potion of heal wounds {unknown}
 s - a potion of curing {unknown}
Comestibles
 f - 2 bread rations
 p - a meat ration


   Skills:
 + Level 3.7 Fighting
 + Level 3.2 Maces & Flails
 + Level 3.9 Armour
 + Level 1.0 Dodging
 + Level 4.8 Shields


You had 4 spell levels left.
You didn't know any spells.

Dungeon Overview and Level Annotations

Branches:
Dungeon (3/15)

Altars:
Gozag
Vehumet


Innate Abilities, Weirdness & Mutations

You are resistant to torment.
Your stone body is resilient. (AC +4)
You are immune to poison.
You resist negative energy. (rN+)
You are resistant to electric shocks. (rElec)
You can survive without breathing.
You are immune to petrification.
You are immune to rotting.


Message History

You closely miss the orc priest.
The orc priest is heavily wounded.
You feel less invigorated.
You feel less confused. The orc hits you.
The orc priest begins to cast a cantrip, but forgets the words! x2
The orc priest mumbles some strange prayers to Beogh against you.
Beogh smites you! You block the orc's attack.
You closely miss the orc priest.
The orc priest is heavily wounded.
You block the orc's attack.
The orc priest invokes the aid of Beogh against you.
Beogh smites you!
* * * LOW HITPOINT WARNING * * *
The orc hits you with a club.
* * * LOW HITPOINT WARNING * * *
The orc hits you but does no damage.
The orc priest calls down the wrath of Beogh upon you.
Beogh smites you!
You die...

....####.##... ..
#.!.........( ..#
...........# #.####
#.!...##..# #.....
##.....##..# #.# ##
#......†...# #.#### #.#
##.....##.####.....
#...o###o...##.††......÷
#oooo@oo...######.###.
#.#####o#......##.# ##
#)##.###.##.#### #.# .#
#........ ...
.######...## ... ..#
###.# ######.# #.## #.#
#.#. #.#######..#


You could see 3 orc priests and 6 orcs.

Vanquished Creatures
  An orc wizard (D:3)
  Jessica (D:3)
  4 adders
  3 worms
  2 dart slugs
  3 leopard geckos
  11 bats
  3 giant cockroaches
  6 hobgoblins
  8 jackals
  2 quokkas
  2 frilled lizards (D:1)
  7 goblins
  6 kobolds
  3 rats
62 creatures vanquished.

Notes
Turn   | Place    | Note
-------+----------+-------------------------------------------
     0 | D:1      | vineage the Gargoyle Fighter began the quest for the Orb.
     0 | D:1      | Reached XP level 1. HP: 14/14 MP: 1/1
   101 | D:1      | Reached XP level 2. HP: 16/19 MP: 2/2
   230 | D:1      | Reached XP level 3. HP: 21/23 MP: 3/3
   636 | D:2      | Reached skill level 4 in Shields
   821 | D:2      | Found an opulent altar of Gozag.
  1060 | D:2      | Reached XP level 4. HP: 22/28 MP: 4/4
  1527 | D:3      | Noticed Jessica
  1536 | D:3      | Killed Jessica
  1660 | D:3      | Reached XP level 5. HP: 30/33 MP: 5/5
  1714 | D:3      | Found a radiant altar of Vehumet.
  1938 | D:3      | Reached skill level 1 in Dodging
  1945 | D:3      | HP: 1/33 [orc/club (3)]
  1945 | D:3      | Killed from afar by an orc priest

Skill      XL: |  1  2  3  4  5 |
---------------+----------------+-----
Shields        | 4 |  4.8
Maces & Flails | 3 |  3.2
Dodging        | 1 |  1.0
Fighting       | |  3.7
Armour         | |  3.9

Action                   |  1- 3 |  4- 6 || total
-------------------------+-------+-------++-------
Melee: Flail             |   149 |   117 ||   266
  Use: Potion            |       |     3 ||     3
  Eat: Chunk             |       |     4 ||     4
Armor: Scale mail        |   101 |    96 ||   197
Dodge: Dodged            |    55 |    65 ||   120
Block: Shield            |    91 |   104 ||   195
